 Dungeon Crawl Stone Soup version 0.31-a0-121-g1e386dd289 (console) character file.

Game seed: 14408627975721776016

28016 Ignak the Cleaver (level 13, -3/133 HPs)
             Began as an Ogre Hedge Wizard on June 1, 2023.
             Was a High Priest of Okawaru.
             Slain by a two-headed ogre
             ... wielding a +0 giant club
              (20 damage)
             ... on level 1 of the Orcish Mines.
             The game lasted 00:52:38 (20702 turns).

Ignak the Cleaver (Ogre Hedge Wizard)              Turns: 20702, Time: 00:52:38

Health: -3/133     AC: 15    Str: 22    XL:     13   Next: 36%
Magic:  2/25       EV: 11    Int: 16    God:    Okawaru [*****.]
Gold:   1155       SH:  5    Dex: 12    Spells: 10/29 levels left

rFire   . . .        a - +6 broad axe (flame)
rCold   . . .        e - orb {*channel}
rNeg    . . .        M - +0 acid dragon scales
rPois   .            c - +1 hat
rElec   .            Q - +1 cloak {Stlth+}
rCorr   +            (gloves unavailable)
SInv    .            (boots unavailable)
Will    +....        J - amulet of reflection
Stlth   ++           C - +4 ring of protection
HPRegen 0.42/turn    I - ring of Athriul {Wiz Str+4}
MPRegen 0.19/turn

%: reflection, wizardry (x1), channel magic (20%)
@: no status effects
A: large, unfitting armour, tough skin 1, agile 1, noise suppression
a: Renounce Religion, Heroism, Finesse, Duel


You were on level 1 of the Orcish Mines.
You worshipped Okawaru.
Okawaru was extremely pleased with you.
You visited 4 branches of the dungeon, and saw 16 of its levels.
You also visited: Bailey.

You collected 2937 gold pieces.
You spent 1782 gold pieces at shops.

Inventory:

Hand Weapons
 a - a +6 broad axe of flaming (weapon)
 G - a +3 broad axe
Missiles
 q - a throwing net
 r - 17 poisoned darts (quivered)
 F - 12 large rocks
Armour
 c - a +1 hat (worn)
 e - an orb of energy (worn)
 H - the +1 robe of the Evil One {Rampage rF+++ rC++ Stlth-}
   (Okawaru gifted it to you on level 1 of the Lair of Beasts)

   rF:        It renders you almost immune to fire.
   rC:        It greatly protects you from cold.
   Rampage:   It bestows one free step when moving towards enemies.
   Stlth:     It makes you less stealthy.
 M - +0 acid dragon scales (worn)
 Q - a +1 cloak of stealth (worn)
Magical Staves
 s - a staff of air
Jewellery
 z - the ring of Youthful Indiscretion {Fly rElec rCorr Int+2}
   (You found it on level 6 of the Dungeon)

   [ring of flight]

   Int:       It affects your intelligence (+2).
   rElec:     It insulates you from electricity.
   Fly:       It grants you flight.
   rCorr:     It protects you from acid and corrosion.
 C - a +4 ring of protection (left hand)
 I - the ring of Athriul (right hand) {Wiz Str+4}
   (You bought it in a shop on level 2 of the Dungeon)

   [ring of wizardry]

   It improves your spell success rate.
   Str:       It affects your strength (+4).
 J - an amulet of reflection (around neck)
 L - an amulet of faith
Wands
 b - a wand of roots (8)
 y - a wand of paralysis (2)
 K - a wand of mindburst (8)
 O - a wand of digging (5)
Scrolls
 f - a scroll of poison
 h - 7 scrolls of teleportation
 k - 4 scrolls of brand weapon
 l - a scroll of fog
 o - a scroll of silence
 u - 2 scrolls of fear
 D - a scroll of identify
 N - a scroll of magic mapping
 P - a scroll of enchant weapon
Potions
 d - 6 potions of curing
 g - 2 potions of invisibility
 i - a potion of enlightenment {unknown}
 j - 2 potions of mutation
 m - a potion of might
 n - 3 potions of brilliance
 p - a potion of attraction {unknown}
 t - a potion of heal wounds
 v - 2 potions of magic
 w - a potion of lignification {unknown}
 x - 2 potions of haste
 A - a potion of berserk rage
 B - a potion of cancellation


   Skills:
 + Level 9.8 Fighting
 * Level 10.2(10.3) Axes
 - Level 0.8(5.9) Maces & Flails
 + Level 3.3 Armour
 + Level 7.0 Dodging
 - Level 1.4 Stealth
 + Level 8.8 Spellcasting
 - Level 3.0 Conjurations
 - Level 1.0 Summonings
 - Level 6.0 Necromancy
 - Level 3.0 Translocations
 - Level 4.0 Transmutations
 - Level 5.0 Ice Magic
 - Level 2.0 Air Magic
 + Level 7.4 Poison Magic
 - Level 5.7 Invocations


You had 10 spell levels left.
You knew the following spells:

 Your Spells              Type           Power      Damage    Failure   Level
a - Magic Dart            Conj           64%        1d6       4%          1
b - Blink                 Tloc           32%        N/A       7%          2
c - Frozen Ramparts       Ice            46%        1d7       6%          3
d - Mephitic Cloud        Conj/Pois/Air  20%        N/A       8%          3
e - Dispel Undead         Necr           26%        3d13      11%         4
x - Wereblood             Tmut           19%        N/A       4%          2
z - Olgreb's Toxic Radia  Pois           30%        N/A       7%          4

Your spell library contained the following spells:

 Spells                   Type           Power      Damage    Failure   Level
 Freeze                   Ice            92%        1d9       2%          1
 Sting                    Tmut/Pois      100%       1d8       2%          1
 Cigotuvi's Dreadful Rot  Necr/Pois/Air  46%        N/A       3%          2
 Beastly Appendage        Tmut           38%        N/A       4%          1
 Poisonous Vapours        Pois/Air       44%        N/A       4%          2
 Spider Form              Tmut/Pois      25%        N/A       4%          3
 Vampiric Draining        Necr           26%        2d7       4%          3
 Searing Ray              Conj           32%        2d5       7%          2
 Foxfire                  Conj/Fire      44%        2x1d6     8%          1
 Hailstorm                Conj/Ice       19%        3d6       9%          3
 Slow                     Hex            28%        N/A       12%         1
 Portal Projectile        Hex/Tloc       22%        N/A       19%         3
 Confusing Touch          Hex            7%         N/A       28%         3
 Manifold Assault         Tloc           16%        N/A       28%         4
 Blade Hands              Tmut           9%         N/A       43%         5
 Dispersal                Tloc           8%         N/A       96%         6
 Orb of Destruction       Conj           8%         9d6       100%        7
 Disjunction              Tloc           8%         N/A       100%        8
 Shatter                  Erth           3%         3d7*      100%        9
 Call Imp                 Summ           Unusable   N/A       N/A         2
 Tukima's Dance           Hex            Unusable   N/A       N/A         3
 Summon Forest            Summ/Tloc      Unusable   N/A       N/A         5
 Death Channel            Necr           Unusable   N/A       N/A         6
 Summon Mana Viper        Hex/Summ       Unusable   N/A       N/A         5
 Summon Cactus Giant      Summ           Unusable   N/A       N/A         6

Dungeon Overview and Level Annotations

Branches:
Dungeon (12/15)            Temple (1/1) D:5            Lair (1/5) D:8
    Orc (2/2) D:12            Elf (0/3) Orc:2        Bailey (visited)

Altars:
Cheibriados
Elyvilon
Fedhas
Hepliaklqana
Kikubaaqudgha
Makhleb
Nemelex Xobeh
Okawaru
Qazlal
Ru
Sif Muna
Trog
Uskayaw
Vehumet
Wu Jian
Xom
Yredelemnul
Zin
The Shining One

Shops:
D:2 ?=*(   D:8 [=(*   D:12 [=   Orc:2 ==(


Innate Abilities, Weirdness & Mutations

You are too large for most types of armour.
You have tough skin. (AC +1)
You are agile. (Dex +4, Str/Int -1)
You passively dampen the noise of your surroundings.


Message History

You throw a poisoned dart.
The poisoned dart hits the two-headed ogre.
The two-headed ogre is poisoned.
The two-headed ogre is severely wounded.
The two-headed ogre is engulfed in noxious fumes.
The two-headed ogre appears confused.
You feel stable enough to blink again.
Throw: 20 darts (poison)
Press: ? - help, Q - select action, (/) - cycle Shift-Dir - straight line, f/p - two-headed ogre
Aim: a two-headed ogre, wielding a +0 giant club and a +0 giant spiked club (severely wounded, fast, confused, poisoned, 86% to hit)
You throw a poisoned dart.
The poisoned dart barely misses the two-headed ogre.
Throw: 19 darts (poison)
Press: ? - help, Q - select action, (/) - cycle Shift-Dir - straight line, f/p - two-headed ogre
Aim: a two-headed ogre, wielding a +0 giant club and a +0 giant spiked club (severely wounded, fast, confused, poisoned, 86% to hit)
You throw a poisoned dart.
The poisoned dart hits the two-headed ogre.
The two-headed ogre looks even sicker.
The two-headed ogre is severely wounded.
The two-headed ogre chortles and stares into space.
The two-headed ogre chortles and stares into space.
Casting: Mephitic Cloud (mildly dangerous; 8% risk of failure)
Confirm with . or Enter, or press ? or * to list all spells.
Aiming: Mephitic Cloud (mildly dangerous; 8% risk of failure)
Press: ? - help, Shift-Dir - straight line, f/p - two-headed ogre
Aim: a two-headed ogre, wielding a +0 giant club and a +0 giant spiked club (severely wounded, fast, confused, very poisoned, chance to affect: 53%)
The ball explodes into a vile cloud!
The stinking cloud engulfs the two-headed ogre but does no damage.
The two-headed ogre is severely wounded.
The two-headed ogre is engulfed in noxious fumes. x2
The two-headed ogre gestures wildly.
Throw: 18 darts (poison)
Press: ? - help, Q - select action, (/) - cycle Shift-Dir - straight line, f/p - two-headed ogre
Aim: a two-headed ogre, wielding a +0 giant club and a +0 giant spiked club (severely wounded, fast, confused, poisoned, 86% to hit)
You throw a poisoned dart.
The poisoned dart hits the two-headed ogre.
The two-headed ogre looks even sicker.
The two-headed ogre is severely wounded.
The two-headed ogre hits you with a +0 giant club!!
You die...

## ##### ##. ##...#
#.. ###...#### ###.
###.@......# ##...
#...O.#....## #....
#...####....# ##..§
##(...#.....## ##..
#.○..#....#.### #...
##.○...###....######
###...# ##....## #
###.(.###......## #
##...#.(.#...#...###


You could see a two-headed ogre (fast, confused, very poisoned).

Vanquished Creatures
  An orc warlord (Orc:1)
  4 ogre magi (Orc:2)
  2 boulder beetles (D:11)
  5 two-headed ogres
  The ghost of ciphuk the Grappler, a novice TrMo of Ru (D:3)
  A wizard (D:12)
  Pikel (D:7)
  An orc knight (Bailey)
  2 orc sorcerers (Bailey)
  2 cyclopes
  Joseph (D:9)
  A cane toad (Lair:1)
  2 unseen horrors (D:12)
  A komodo dragon (Lair:1)
  2 kobold demonologists (D:12)
  2 trolls
  The ghost of Heedrag the Conjurer, an amateur DsCj (D:6)
  Sigmund (D:5)
  8 slime creatures (D:12)
  2 wraiths
  15 yaks
  A wyvern (D:9)
  A vampire (D:12)
  A shadow (D:10)
  A basilisk (Lair:1)
  Menkaure (D:5)
  5 wargs
  Duvessa (D:6)
  Edmund (D:5)
  2 acid dragons
  3 water moccasins
  30 orc warriors
  3 ice beasts
  A sky beast (D:8)
  2 black bears
  18 ogres
  4 centaurs
  2 phantoms
  4 kobold brigands
  6 bullfrogs
  4 scorpions
  9 wights
  Dowan (D:6)
  A jelly (D:6)
  8 killer bees
  5 electric eels (Bailey)
  A howler monkey (D:7)
  A crimson imp (D:4)
  5 hounds
  13 orc priests
  Jessica (D:3)
  Natasha (D:2)
  6 iguanas
  14 orc wizards
  7 hell rats (Lair:1)
  6 adders
  2 gnolls (Bailey)
  2 shadow imps
  3 white imps
  3 worms
  3 dart slugs
  61 orcs
  3 ball pythons (D:2)
  5 endoplasms
  5 giant cockroaches
  15 goblins
  4 hobgoblins
  A jackal (D:3)
  25 kobolds
  3 quokkas
  4 bats
  2 frilled lizards
  5 rats
372 creatures vanquished.

Vanquished Creatures (collateral kills)
  An iguana (D:4)
  Natasha (D:2)
  An adder (D:2)
  A dart slug (D:2)
  An endoplasm (D:1)
  3 hobgoblins (D:1)
  2 jackals (D:4)
  2 quokkas
  A ball python (D:1)
  2 bats
15 creatures vanquished.

Grand Total: 387 creatures vanquished

Notes
Turn   | Place    | Note
-------+----------+-------------------------------------------
     0 | D:1      | Ignak the Ogre Hedge Wizard began the quest for the Orb.
     0 | D:1      | Reached XP level 1. HP: 16/16 MP: 5/5
   115 | D:1      | Reached skill level 1 in Conjurations
   160 | D:1      | Reached skill level 1 in Summonings
   160 | D:1      | Reached skill level 1 in Translocations
   235 | D:1      | Reached XP level 2. HP: 19/24 MP: 4/6
   239 | D:1      | Learned a level 2 spell: Blink
   242 | D:1      | Learned a level 2 spell: Call Imp
   754 | D:2      | Reached skill level 1 in Fighting
   754 | D:2      | Reached XP level 3. HP: 20/33 MP: 5/8
   758 | D:2      | Learned a level 3 spell: Mephitic Cloud
   833 | D:2      | Found Qampiz's General Store.
  1108 | D:2      | Found Edol's Jewellery Shop.
  1119 | D:2      | Found Egophosorghi's Magic Scroll Boutique.
  1383 | D:2      | Found Acacvuen's Weapon Shoppe.
  1590 | D:3      | Noticed Natasha
  1631 | D:2      | Killed Natasha
  1632 | D:2      | Reached XP level 4. HP: 15/41 MP: 5/9
  1753 | D:3      | Reached skill level 1 in Axes
  1837 | D:3      | Found a hazy altar of Hepliaklqana.
  2025 | D:3      | Noticed Jessica
  2037 | D:3      | Killed Jessica
  2038 | D:3      | Reached XP level 5. HP: 25/49 MP: 1/11
  2225 | D:3      | Found a runed translucent door.
  2351 | D:3      | Noticed ciphuk's ghost (novice TrMo)
  2575 | D:4      | Reached skill level 1 in Poison Magic
  2894 | D:4      | Noticed an ogre
  3454 | D:3      | Killed an ogre
  3455 | D:3      | Reached skill level 2 in Axes
  3455 | D:3      | Reached skill level 1 in Air Magic
  3455 | D:3      | Reached XP level 6. HP: 59/59 MP: 2/12
  3901 | D:2      | Bought a +1 broad axe of flaming for 198 gold pieces
  4024 | D:4      | Noticed a black bear
  4034 | D:4      | Killed a black bear
  4228 | D:4      | Gained mutation: You occasionally lose the ability to drink
                  | potions when taking damage. [potion of mutation]
  4228 | D:4      | Gained mutation: You passively dampen the noise of your
                  | surroundings. [potion of mutation]
  4228 | D:4      | Lost mutation: You occasionally lose the ability to drink
                  | potions when taking damage. [potion of mutation]
  4228 | D:4      | Gained mutation: You are agile. (Dex +4, Str/Int -1)
                  | [potion of mutation]
  4258 | D:4      | Reached XP level 7. HP: 65/67 MP: 13/13
  4267 | D:4      | Learned a level 2 spell: Wereblood
  4579 | D:5      | Entered Level 5 of the Dungeon
  4591 | D:5      | Found a staircase to the Ecumenical Temple.
  4611 | Temple   | Entered the Ecumenical Temple
  4682 | Temple   | Became a worshipper of Warmaster Okawaru
  4749 | D:5      | Reached skill level 3 in Axes
  5054 | D:5      | Noticed Sigmund
  5064 | D:5      | Killed Sigmund
  5065 | D:5      | Reached skill level 1 in Transmutations
  5067 | D:5      | Reached * piety under Okawaru
  5068 | D:5      | Reached skill level 1 in Invocations
  5234 | D:5      | Noticed Menkaure
  5245 | D:5      | Killed Menkaure
  5246 | D:5      | Reached skill level 1 in Necromancy
  5246 | D:5      | Reached XP level 8. HP: 76/76 MP: 15/15
  5251 | D:5      | Learned a level 4 spell: Dispel Undead
  5460 | D:5      | Noticed Edmund
  5477 | D:5      | Killed Edmund
  5478 | D:5      | Reached skill level 5 in Spellcasting
  5877 | D:2      | Bought a scroll of enchant weapon for 90 gold pieces
  6211 | D:6      | Reached skill level 4 in Axes
  6216 | D:6      | Found a large runed translucent door.
  6216 | D:6      | Found a large runed translucent door.
  6496 | D:6      | Reached XP level 9. HP: 57/84 MP: 14/16
  6744 | D:6      | Noticed Duvessa
  6745 | D:6      | Noticed Dowan
  6758 | D:6      | Killed Duvessa
  6760 | D:6      | Killed Dowan
  6888 | D:6      | Found a large runed translucent door.
  6893 | D:6      | Found a large runed translucent door.
  7006 | D:6      | Learned a level 4 spell: Olgreb's Toxic Radiance
  7092 | D:6      | Identified the ring of Youthful Indiscretion {Fly rElec
                  | rCorr Int+2}
  7373 | D:6      | Noticed Heedrag's ghost (amateur DsCj)
  7722 | D:5      | Reached ** piety under Okawaru
  7809 | D:2      | Noticed Natasha
  7914 | D:2      | Killed Natasha
  7945 | D:2      | Bought a scroll of enchant weapon for 90 gold pieces
  8220 | D:3      | Killed ciphuk's ghost
  8221 | D:3      | Reached skill level 5 in Fighting
  8221 | D:3      | Reached skill level 5 in Axes
  8577 | D:6      | Killed Heedrag's ghost
  8756 | D:6      | Found a glowing silver altar of Zin.
  8764 | D:6      | Found a sparkling altar of Nemelex Xobeh.
  9175 | D:7      | Reached XP level 10. HP: 39/97 MP: 12/18
  9669 | D:7      | Noticed Pikel
  9681 | D:7      | Killed Pikel
  9682 | D:7      | Reached skill level 6 in Axes
 10122 | D:8      | Reached *** piety under Okawaru
 10416 | D:8      | Found Widio's Assorted Antiques.
 10573 | D:8      | Found a stormy altar of Qazlal.
 10613 | D:8      | Reached skill level 5 in Poison Magic
 10661 | D:8      | Found Varuutejie's Jewellery Emporium.
 10744 | D:8      | Found a staircase to the Lair.
 11194 | D:8      | Reached **** piety under Okawaru
 11220 | D:8      | Learned a level 3 spell: Frozen Ramparts
 11274 | D:8      | Found Mil Sina's Armour Shoppe.
 11312 | D:8      | Found Unedob's Weapon Shoppe.
 11370 | D:8      | Bought a scroll of enchant weapon for 150 gold pieces
 11563 | D:9      | Reached skill level 5 in Dodging
 11590 | D:9      | Noticed Joseph
 11605 | D:9      | Killed Joseph
 11606 | D:9      | Reached skill level 7 in Axes
 11606 | D:9      | Reached skill level 1 in Ice Magic
 11606 | D:9      | Reached XP level 11. HP: 51/107 MP: 10/21
 11622 | D:10     | Entered Level 10 of the Dungeon
 11693 | D:9      | Found a flagged portal.
 11744 | Bailey   | Entered a bailey
 11870 | Bailey   | Noticed an orc sorcerer
 11881 | Bailey   | Killed an orc sorcerer
 11881 | Bailey   | Reached ***** piety under Okawaru
 12031 | Bailey   | Received a gift from Okawaru
 12087 | Bailey   | Acquired 937 gold pieces
 12111 | Bailey   | Found an iron altar of Okawaru.
 12111 | Bailey   | Noticed an orc sorcerer
 12113 | Bailey   | Paralysed by an orc sorcerer for 3 turns
 12119 | Bailey   | Killed an orc sorcerer
 12120 | Bailey   | Reached skill level 5 in Invocations
 12380 | Bailey   | Noticed an orc knight
 12411 | Bailey   | Killed an orc knight
 13316 | Lair:1   | Entered Level 1 of the Lair of Beasts
 13377 | Lair:1   | Identified the +1 robe of the Evil One {Rampage rF+++ rC++
                  | Stlth-} (Okawaru gifted it to you on level 1 of the Lair of
                  | Beasts)
 13377 | Lair:1   | Received a gift from Okawaru
 13859 | Lair:1   | Reached skill level 8 in Axes
 14014 | D:2      | Bought the ring of Athriul {Wiz Str+4} for 590 gold pieces
 14160 | D:8      | Bought an amulet of reflection for 450 gold pieces
 15271 | D:10     | Got the Vademecum on Volcanic Damage
 15470 | D:11     | Noticed a cyclops
 15478 | D:11     | Killed a cyclops
 15479 | D:11     | Reached XP level 12. HP: 119/119 MP: 17/23
 15702 | D:11     | Noticed a boulder beetle
 15716 | D:11     | Killed a boulder beetle
 15717 | D:11     | Reached skill level 5 in Necromancy
 15858 | D:11     | Noticed a boulder beetle
 15873 | D:11     | Killed a boulder beetle
 15874 | D:11     | Reached skill level 1 in Armour
 16471 | D:12     | Found Souzoff's Armour Shoppe.
 16488 | D:12     | Found Tafaipyq's Jewellery Boutique.
 17620 | D:12     | Noticed a two-headed ogre
 17629 | D:12     | Killed a two-headed ogre
 17629 | D:12     | Received a gift from Okawaru
 17630 | D:12     | Reached skill level 9 in Axes
 17803 | D:12     | HP: 4/122 [slime creature (16)]
 18342 | D:12     | Found a staircase to the Orcish Mines.
 18904 | Orc:1    | Entered Level 1 of the Orcish Mines
 18991 | D:12     | Bought a +1 cloak of stealth for 214 gold pieces
 19330 | Orc:2    | Entered Level 2 of the Orcish Mines
 19332 | Orc:2    | Found a staircase to the Elven Halls.
 19364 | Orc:2    | Noticed an orc warlord
 19618 | Orc:1    | Killed an orc warlord
 19876 | Orc:2    | Found Fucajibb's Weapon Shop.
 19896 | Orc:2    | Noticed a two-headed ogre
 19897 | Orc:2    | Noticed an ogre mage
 19909 | Orc:2    | Killed a two-headed ogre
 19909 | Orc:2    | Received a gift from Okawaru
 19910 | Orc:2    | Killed an ogre mage
 19911 | Orc:2    | Reached XP level 13. HP: 108/131 MP: 21/25
 19915 | Orc:2    | Reached skill level 5 in Ice Magic
 20647 | Orc:2    | Found Coclun's Jewellery Shoppe.
 20647 | Orc:2    | Found Imilom's Jewellery Boutique.
 20664 | Orc:2    | Reached skill level 10 in Axes
 20702 | Orc:1    | Slain by a two-headed ogre

Illustrated notes

Levels and vault maps discovered:
D:1:      wheals_arrival_shading, layout_rooms, chequers_arboretum
D:2:      layout_basic, serial_shops, shop, nicolae_shop_tiny_real_fake_doors,
          nicolae_shop_rolling_square, shop, minmay_misc_feat_nine_boxes,
          nrook_loot_triangle
D:3:      layout_basic, nicolae_overflow_crystal_walls, gammafunk_ghost_grave,
          uniq_jessica, uniq_natasha
D:4:      layout_basic, minmay_fire_ice_demons
D:5:      layout_basic, minmay_temple_entry_offerings, guppyfry_early_orc_mine,
          uniq_menkaure, uniq_sigmund, uniq_edmund
D:6:      layout_gridville, jmf_multi_god_temple2, ebering_ghost_disaster_area,
          minmay_misc_feat_rugged, dk_vineyard_1, uniq_duvessa
D:7:      layout_basic, uniq_pikel
D:8:      layout_basic, mainiacjoe_overflow_six_doors_small,
          erik_lair_orcish_takeover, serial_shops,
          nicolae_shop_bloodbath_and_beyond, nicolae_shop_just_a_little_nook,
          nicolae_shop_gaudy_bauble, nicolae_shop_tiny_statue_garden
D:9:      layout_roguey, enter_bailey_3, uniq_joseph
D:10:     layout_grid_maze
D:11:     layout_gridville
D:12:     layout_roguey, david_orc_4, serial_shops,
          nicolae_shop_pleasant_corner_grove, shop
Temple:   eino_narrow_crystal_temple
Lair:1:   layout_layer_cave
Orc:1:    minmay_goldmine, layout_diamond_mine, basic_altar
Orc:2:    st_orc_ogre_mass, layout_diamond_mine, serial_shops,
          nicolae_shop_tiny_glass

Skill      XL: |  1  2  3  4  5  6  7  8  9 10 11 12 13 |
---------------+----------------------------------------+-----
Conjurations   | 1 2 3 |  3.0
Summonings     | 1 |  1.0
Translocations | 1 2 3 |  3.0
Dodging        | 2 3 4 5 6 7 |  7.0
Fighting       | 1 2 3 4 5 6 8 9 |  9.8
Axes           | 1 2 3 4 5 7 8 9 10 | 10.2
Spellcasting   | 4 5 6 7 8 |  8.8
Poison Magic   | 1 2 4 5 6 7 |  7.4
Air Magic      | 1 2 |  2.0
Transmutations | 1 2 4 |  4.0
Invocations    | 1 2 3 4 5 |  5.7
Necromancy     | 1 2 3 4 5 6 |  6.0
Ice Magic      | 1 3 4 5 |  5.0
Armour         | 2 3 |  3.3
Maces & Flails | |  0.8
Stealth        | |  1.4

Action                     |  1- 3 |  4- 6 |  7- 9 | 10-12 | 13-15 || total
---------------------------+-------+-------+-------+-------+-------++-------
  Melee: Whip              |     5 |       |       |       |       ||     5
         Flail             |    86 |       |       |       |       ||    86
         Dagger            |     2 |       |       |       |       ||     2
         Hand axe          |     4 |   118 |       |       |       ||   122
         Broad axe         |       |    32 |   210 |   341 |    36 ||   619
         Punch             |       |     1 |     5 |       |       ||     6
  Throw: Dart              |       |       |     7 |     8 |     4 ||    19
         Large rock        |       |       |       |     3 |       ||     3
   Cast: Magic Dart        |    22 |     1 |     3 |       |       ||    26
         Call Imp          |    10 |    18 |     2 |       |       ||    30
         Mephitic Cloud    |     2 |    10 |    18 |    29 |     4 ||    63
         Blink             |       |     1 |     6 |    27 |     2 ||    36
         Wereblood         |       |       |     5 |    24 |     5 ||    34
         Olgreb's Toxic Ra |       |       |     2 |    72 |     9 ||    83
         Dispel Undead     |       |       |     2 |     8 |       ||    10
         Frozen Ramparts   |       |       |       |    14 |       ||    14
 Invoke: Heroism           |       |       |     7 |     8 |       ||    15
  Evoke: Wand              |       |       |     4 |    11 |       ||    15
    Use: Potion            |     1 |     4 |     1 |     1 |       ||     7
         Scroll            |       |     7 |     6 |    13 |     1 ||    27
   Stab: Sleeping          |     2 |     2 |       |       |       ||     4
         Confused          |       |     1 |     7 |    10 |       ||    18
         Paralysed         |       |       |    10 |       |       ||    10
         Distracted        |       |       |     1 |       |       ||     1
 Armour: Robe              |    47 |    58 |    39 |    37 |       ||   181
         Acid dragon scale |       |       |       |    58 |     7 ||    65
  Dodge: Dodged            |    87 |   100 |    98 |   187 |    22 ||   494
  Block: Orb               |       |       |       |    36 |     3 ||    39
         Reflection        |       |       |       |     5 |       ||     5
         Other             |       |       |       |     2 |       ||     2

Table legend: (Time is in decaauts)
 A = Elapsed time spent in this place.
 B = Non-inter-level travel time spent in this place.
 C = Inter-level travel time spent in this place.
 D = Time resting spent in this place.
 E = Time spent auto-exploring this place.
 F = Levels seen in this place.
 G = Mean time per level.
                   A        B        C        D        E       F      G
               +--------+--------+--------+--------+--------+-----+--------+
         Total |  20951 |  19263 |   1688 |   4177 |   9529 |  17 | 1232.4 |
       Dungeon |  17518 |  15882 |   1636 |   3628 |   8160 |  12 | 1459.8 |
        Temple |     86 |     74 |     12 |      0 |     56 |   1 |   86.0 |
          Lair |    566 |    558 |      8 |      0 |    436 |   1 |  566.0 |
  Orcish Mines |   1719 |   1688 |     31 |    295 |    636 |   2 |  859.5 |
        Bailey |   1060 |   1060 |      0 |    254 |    241 |   1 | 1060.0 |
               +--------+--------+--------+--------+--------+-----+--------+

Top non-repeatable levels by time:
    D:12: 2225 daAuts
     D:4: 2040 daAuts
     D:6: 1868 daAuts
     D:7: 1631 daAuts
     D:3: 1590 daAuts
     D:5: 1561 daAuts
    D:11: 1312 daAuts
     D:2: 1294 daAuts
   Orc:1: 1284 daAuts
    D:10: 1228 daAuts
     D:8: 1195 daAuts
  Bailey: 1060 daAuts
     D:9: 841 daAuts
     D:1: 728 daAuts
  Lair:1: 566 daAuts
